AoeStats
← [ KOF ] M. Kowalski

Arabia

507957220Analyzed
1v1 RM · 10d ago on Sep 20, 2026· 49m 39s· 2 players
Game mode
Random Map
Map size
Tiny (2 player)
Population
200
Speed
Normal
Resources
Standard
Victory
Conquest
Starting age
Dark Age
Ending age
Imperial Age
RankedLock teamsTeams togetherTeam positionsShared explorationLock speedFull tech treeHidden civsTurbo modeCheats
Victory
Defeat
🇦🇺 Cumans · Australia
1129
+15
🇦🇷 Koreans · Argentina
1115
-15
[ KOF ] M. Kowalski
6:14 Loom
9:31 Feudal Age
11:03 Fletching
20:01 Wheelbarrow
23:48 Double-Bit Axe
30:09 Castle Age
28:17 Stone Mining
29:19 Town Watch
29:57 Forging
30:03 Scale Mail Armor
30:30 Gold Mining
30:53 Squires
31:14 Bodkin Arrow
37:10 Bow Saw
45:43 Ballistics
Captain Kernel
7:35 Loom
9:57 Feudal Age
14:00 Double-Bit Axe
20:16 Fletching
21:00 Padded Archer Armor
23:17 Scale Barding Armor
24:42 Forging
29:10 Castle Age
27:14 Horse Collar
28:48 Bloodlines
30:37 Iron Casting
30:23 Chain Barding Armor
33:35 Capped Ram
36:31 Bodkin Arrow
49:44 Gold Mining
Connection lost

Rejoining the realm…

Still unreachable

The connection could not be restored.

Session expired

The server has moved on; the page needs a fresh start.